 Dungeon Crawl Stone Soup version 0.32-a0-818-gb728d0252e (webtiles) character file.

Game seed: 12441451101512882231

139 smashvw the Gusty (level 5, -6/38 HPs)
             Began as a Draconian Air Elementalist on Mar 24, 2024.
             Mangled by a cerulean imp
             ... wielding a +5 spear
             ... summoned by Natasha
              (8 damage)
             ... on level 3 of the Dungeon.
             The game lasted 00:06:54 (3391 turns).

smashvw the Gusty (Draconian Air Elementalist)      Turns: 3391, Time: 00:06:55

Health: -6/38      AC:  5    Str: 11    XL:     5   Next: 1%
Magic:  1/10       EV: 11    Int: 17    God:
Gold:   79         SH:  0    Dex: 11    Spells: 7/11 levels left

rFire   . . .        k - +1 dagger (venom)
rCold   . . .        (no shield)
rNeg    . . .        (body armour unavailable)
rPois   .            (helmet restricted)
rElec   .            (no cloak)
rCorr   .            (no gloves)
SInv    .            (no boots)
Will    .....        (no amulet)
Stlth   ++           (no ring)
HPRegen 0.26/turn    (no ring)
MPRegen 0.12/turn

%: no passive effects
@: no status effects
A: AC +5, unfitting armour, cold-blooded
a: no special abilities


You were on level 3 of the Dungeon.
You visited 1 branch of the dungeon, and saw 3 of its levels.

You collected 79 gold pieces.

Inventory:

Hand Weapons
 b - a +0 dagger
 k - a +1 dagger of venom (weapon)
Wands
 j - a wand of warping (11)
Scrolls
 d - a scroll of immolation {unknown}
 e - a scroll of enchant weapon {unknown}
 f - 2 scrolls of torment {unknown}
 h - 3 scrolls of identify {unknown}
 i - a scroll of teleportation {unknown}
 l - a scroll of revelation {unknown}
Potions
 a - 2 potions of magic
 c - 2 potions of cancellation {unknown}
 g - 2 potions of degeneration {unknown}
 m - a potion of brilliance {unknown}


   Skills:
 - Level 1.7 Dodging
 - Level 1.7 Stealth
 + Level 3.6 Spellcasting
 - Level 1.0 Conjurations
 + Level 4.5 Air Magic


You had 7 spell levels left.
You knew the following spells:

 Your Spells              Type           Power      Damage    Failure   Level
a - Shock                 Conj/Air       48%        1d6       5%          1
b - Swiftness             Air            18%        N/A       8%          3

Your spell library contained the following spells:

 Spells                   Type           Power      Damage    Failure   Level
 Static Discharge         Conj/Air       24%        3-4/arc   8%          2
 Magic Dart               Conj           24%        1d4       11%         1
 Searing Ray              Conj           12%        2d4       16%         2
 Airstrike                Air            9%         2d(2-18)  26%         4
 Fulminant Prism          Conj/Alch      2%         3d5       78%         4


Dungeon Overview and Level Annotations

Branches:
Dungeon (3/15)

Altars:
Trog

Shops:
D:1 ?

Annotations:
D:3 Natasha


Innate Abilities, Weirdness & Mutations

Your plain brown scales are hard. (AC +5)
You cannot fit into any form of body armour.
You are cold-blooded and may be slowed by cold attacks.


Message History

The cerulean imp is moderately wounded.
The zap hits Natasha.
Natasha is severely wounded.
The cerulean imp hits you from afar with a +1 spear.
The cerulean imp closely misses you.
Natasha wildly gestures.
You feel troubled.
The zap misses the cerulean imp.
The cerulean imp hits you but does no damage.
The cerulean imp closely misses you.
The zap misses the cerulean imp.
The cerulean imp closely misses you. x2
The zap hits the cerulean imp.
The cerulean imp completely resists.
The cerulean imp is moderately wounded.
The cerulean imp barely misses you.
The cerulean imp hits you from afar with a +5 spear.
The zap misses the cerulean imp.
The cerulean imp closely misses you. The cerulean imp barely misses you.
You are out of magic!
The cerulean imp hits you from afar with a +1 spear.
Natasha casts a spell.
The cerulean imp hits you from afar with a +5 spear!
Natasha mewls in sadness.
The cerulean imp hits you but does no damage.
You barely miss the cerulean imp.
The cerulean imp hits you with a +5 spear.
The cerulean imp barely misses you.
The cerulean imp hits you but does no damage.
You barely miss the cerulean imp.
Your tail-slap misses the cerulean imp.
The cerulean imp hits you with a +5 spear.
The cerulean imp hits you from afar with a +0 spear.
The cerulean imp hits you from afar with a +1 spear.
The cerulean imp hits you from afar with a +5 spear.
* * * LOW HITPOINT WARNING * * *
The cerulean imp hits you from afar with a +1 spear.
* * * LOW HITPOINT WARNING * * *
Natasha howls an incantation.
Natasha shimmers violently.
The cerulean imp attacks as it pursues you!
The cerulean imp hits you from afar with a +5 spear!
You die...

#.#.....
#.##...##.
#...._...
#.##...# .
##.#..h. .#
#....#.# ..#
#######
#...##5##..#
.......
#...5.....#
#######
##....@..##
##..#.###
##...# ###.#
#.#######
#.......#
#######.#
#.# #.#


You could see Natasha and 2 cerulean imps.

Vanquished Creatures
  Jessica (D:2)
  Natasha (twice) (D:3)
  A dart slug (D:1)
  3 ribbon worms
  An orc (D:3)
  3 ball pythons
  4 bats
  4 endoplasms
  5 giant cockroaches
  7 goblins
  3 hobgoblins
  2 jackals (D:1)
  2 kobolds
  4 quokkas
  6 frilled lizards
  3 rats
51 creatures vanquished.

Notes
Turn   | Place    | Note
-------+----------+-------------------------------------------
     0 | D:1      | smashvw the Draconian Air Elementalist began the quest for
                  | the Orb.
     0 | D:1      | Reached XP level 1. HP: 14/14 MP: 3/3
    23 | D:1      | Found Wewanwaz's Magic Scroll Shoppe.
   223 | D:1      | Found a faded altar of an unknown god.
   476 | D:1      | Reached XP level 2. HP: 20/20 MP: 3/5
  1154 | D:1      | Reached XP level 3. HP: 26/26 MP: 4/7
  1757 | D:2      | Noticed Jessica
  1761 | D:2      | Killed Jessica
  1762 | D:2      | Reached skill level 4 in Air Magic
  1993 | D:2      | Reached XP level 4. HP: 33/33 MP: 5/8
  2025 | D:2      | Learned a level 3 spell: Swiftness
  2965 | D:3      | Noticed Natasha
  2976 | D:3      | Killed Natasha
  3026 | D:3      | Noticed Natasha
  3031 | D:3      | Killed Natasha
  3155 | D:3      | Reached XP level 5. HP: 32/38 MP: 3/10
  3371 | D:3      | Found a bloodstained altar of Trog.
  3373 | D:3      | Noticed Natasha
  3391 | D:3      | Mangled by a cerulean imp

Illustrated notes

Levels and vault maps discovered:
D:1:      minmay_arrival_nine_rooms, layout_basic,
          shapermc_ecumenical_altar_mp_ritualfount, serial_shops, shop,
          dreamdust_mushroom_princess
D:2:      layout_basic, uniq_jessica
D:3:      layout_loops_ring, minitemple, mainiacjoe_overflow_small_starburst,
          uniq_natasha

Skill      XL: |  1  2  3 |
---------------+----------+-----
Spellcasting   | 3 |  3.6
Air Magic      | 4 |  4.5
Dodging        | |  1.7
Stealth        | |  1.7
Conjurations   | |  1.0

Action                     |  1- 3 |  4- 6 || total
---------------------------+-------+-------++-------
  Melee: Unarmed           |    13 |       ||    13
         Dagger            |    25 |    33 ||    58
         Tailslap          |     2 |     2 ||     4
   Cast: Shock             |    55 |    58 ||   113
         Swiftness         |       |     2 ||     2
   Stab: Sleeping          |     1 |       ||     1
 Armour: Skin              |    18 |    38 ||    56
  Dodge: Dodged            |    20 |    28 ||    48

Table legend: (Time is in decaauts)
 A = Elapsed time spent in this place.
 B = Non-inter-level travel time spent in this place.
 C = Inter-level travel time spent in this place.
 D = Time resting spent in this place.
 E = Time spent auto-exploring this place.
 F = Levels seen in this place.
 G = Mean time per level.
                   A        B        C        D        E       F      G
               +--------+--------+--------+--------+--------+-----+--------+
         Total |   3393 |   3359 |     34 |      0 |   2957 |   3 | 1131.0 |
       Dungeon |   3393 |   3359 |     34 |      0 |   2957 |   3 | 1131.0 |
               +--------+--------+--------+--------+--------+-----+--------+

Top non-repeatable levels by time:
     D:1: 1496 daAuts
     D:2: 1303 daAuts
     D:3: 593 daAuts
